 Dungeon Crawl Stone Soup version 0.20-a0-548-g4f8a798 (webtiles) character file.

191 KristoblXynda the Conjurer (level 5, -7/57 HPs)
             Began as a Draconian Conjurer on Feb 1, 2017.
             Was a Follower of Vehumet.
             Mangled by an orc priest
             ... wielding a +2 dagger of electrocution
              (18 damage)
             ... on level 3 of the Dungeon.
             The game lasted 00:06:35 (2831 turns).

KristoblXynda the Conjurer (Draconian Conjurer)     Turns: 2831, Time: 00:06:35

Health: -7/57      AC: 22    Str: 10    XL:     5   Next: 42%
Magic:  8/8        EV:  2    Int: 17    God:    Vehumet [*.....]
Gold:   146        SH:  0    Dex: 11    Spells: 4/8 levels left

rFire    . . .     SeeInvis .   g - +4 dagger (flame)
rCold    . . .     Gourm    .   (armour unavailable)
rNeg     + + +     Faith    .   (no shield)
rPois    +         Spirit   .   (helmet currently unavailable)
rElec    .         Reflect  .   (cloak currently unavailable)
rCorr    .         Harm     .   (gloves currently unavailable)
MR       .....     NoTele   +   (boots currently unavailable)
Stlth    ++........             (no amulet)
Regen    0.2/turn               (no ring)
                                f - -2 ring of evasion (curse)

@: tree-form
A: unfitting armour, (cold-blooded), AC +5
a: Renounce Religion


You were on level 3 of the Dungeon.
You worshipped Vehumet.
Vehumet was aware of your devotion.
You were not hungry.
You were a tree.
You visited 1 branch of the dungeon, and saw 3 of its levels.

You collected 146 gold pieces.

Inventory:

Hand Weapons
 g - a +4 dagger of flaming (weapon)
Armour
 k - a +0 pair of gloves (melded)
Jewellery
 f - a cursed -2 ring of evasion (left branch)
 i - an uncursed ring of see invisible {unknown}
 m - an uncursed ring of protection from fire {unknown}
Wands
 l - a wand of confusion (14/48)
Scrolls
 d - 4 scrolls of teleportation
Potions
 e - a potion of agility {unknown}
Books
 a - a book of Conjurations

   Spells                             Type                      Level
   a - Magic Dart                     Conjuration                  1
   b - Searing Ray                    Conjuration                  2
   c - Dazzling Spray                 Conjuration/Hexes            3
   d - Fulminant Prism                Conjuration/Hexes            4
   e - Iskenderun's Mystic Blast      Conjuration                  4
   f - Iskenderun's Battlesphere      Conjuration/Charms           5
 n - a book of Maledictions

   Spells                             Type                      Level
   a - Corona                         Hexes                        1
   b - Ensorcelled Hibernation        Hexes/Ice                    2
   c - Confuse                        Hexes                        3
   d - Tukima's Dance                 Hexes                        3
   e - Dazzling Spray                 Conjuration/Hexes            3
Comestibles
 b - 4 bread rations
 c - a royal jelly
 h - 8 fruits


   Skills:
 + Level 2.4 Short Blades
 - Level 1.7 Dodging
 + Level 3.3 Stealth
 - Level 1.0 Unarmed Combat
 + Level 2.3 Spellcasting
 - Level 5.0 Conjurations


You had 4 spell levels left.
You knew the following spells:

 Your Spells              Type           Power        Failure   Level  Hunger
a - Magic Dart            Conj           ###.         2%          1    #......
b - Dazzling Spray        Conj/Hex       ##....       21%         3    ###....


Dungeon Overview and Level Annotations

Branches:
Dungeon (3/15)

Altars:
Cheibriados
Trog
Vehumet
Xom

Annotations:
D:3 Crazy Yiuf


Innate Abilities, Weirdness & Mutations

((Your plain brown scales are hard. (AC +5)))
You cannot fit into any form of body armour.
((You are cold-blooded and may be slowed by cold attacks.))


Message History

You hit the orc priest. You burn the orc priest.
The orc priest is severely wounded.
The orc priest hits you but does no damage.
You hit the orc priest. You burn the orc priest.
You kill the orc priest!
Vehumet accepts your kill.
You hit the orc priest.
The orc priest is lightly wounded.
The orc priest looks braver for a moment.
You puncture the orc priest! You burn the orc priest.
The orc priest is severely wounded.
The orc priest casts a cantrip, but nothing happens.
You hit the orc priest but do no damage.
The orc priest is severely wounded.
The orc priest hits you but does no damage.
You hit the orc priest.
The orc priest is severely wounded.
The orc priest hits you but does no damage.
You are electrocuted!
You die...

####.# #...# #.#
#.g.# #.# #.o.# #.#
#o# #.# ♣♣o♣ #.# ♣o♣♣
#.# ♣♣.♣ #### ##.#
♣o♣♣ ...#######..#
♣♣♣♣♣ ....>.......#
♣..P♣♣ ...####.....#
♣.P..♣ ...# #.##..#
#....# ## ...#
#.##..####..#####....
...#
#.###.##.#.........#
...#
#<###'##.##.#(######
.#.# #.##...#.##...#
...# #........####.#
#


You could see an orc priest.

Vanquished Creatures
  An orc priest (D:3)
  An orc wizard (D:3)
  6 adders
  A worm (D:3)
  A dart slug (D:2)
  A leopard gecko (D:2)
  11 orcs (D:3)
  5 giant cockroaches
  3 goblins
  9 hobgoblins
  3 ball pythons
  3 bats (D:1)
  8 frilled lizards
  7 kobolds
  8 rats
68 creatures vanquished.

Notes
Turn   | Place    | Note
-------+----------+-------------------------------------------
     0 | D:1      | KristoblXynda the Draconian Conjurer began the quest for the Orb.
     0 | D:1      | Reached XP level 1. HP: 14/14 MP: 3/3
   680 | D:1      | Reached skill level 1 in Unarmed Combat
   680 | D:1      | Reached XP level 2. HP: 20/20 MP: 5/5
  1063 | D:2      | Reached XP level 3. HP: 15/26 MP: 6/6
  1243 | D:2      | Reached skill level 1 in Short Blades
  1421 | D:2      | Found a radiant altar of Vehumet.
  1427 | D:2      | Found a bloodstained altar of Trog.
  1430 | D:2      | Found a snail-covered altar of Cheibriados.
  1449 | D:2      | Became a worshipper of Vehumet
  1454 | D:2      | Learned a level 3 spell: Dazzling Spray
  1539 | D:2      | Found a shimmering altar of Xom.
  1627 | D:3      | Reached XP level 4. HP: 29/33 MP: 7/7
  2235 | D:3      | Reached * piety under Vehumet
  2235 | D:3      | Offered knowledge of Sting by Vehumet.
  2362 | D:3      | Reached XP level 5. HP: 33/38 MP: 8/8
  2391 | D:3      | Reached skill level 5 in Conjurations
  2807 | D:3      | Found a runed door.
  2811 | D:3      | Noticed Crazy Yiuf
  2831 | D:3      | Mangled by an orc priest

Vault maps used:
D:1:      dpeg_arrival_circle_labyrinth_a
D:2:      marbit_many_paths, minmay_overflow_temple_star_quad
D:3:      uniq_crazy_yiuf_cottage

Skill      XL: |  1  2  3  4  5 |
---------------+----------------+-----
Unarmed Combat | 1 |  1.0
Stealth        | 2 3 |  3.3
Short Blades   | 1 2 |  2.4
Conjurations   | 5 |  5.0
Dodging        | |  1.7
Spellcasting   | |  2.3

Action                   |  1- 3 |  4- 6 || total
-------------------------+-------+-------++-------
Melee: Unarmed           |    38 |       ||    38
       Tailslap          |     7 |     8 ||    15
       Dagger            |    70 |   102 ||   172
       Punch             |       |     1 ||     1
  Use: Scroll            |     5 |     2 ||     7
       Potion            |       |     1 ||     1
 Stab: Sleeping          |     4 |     4 ||     8
  Eat: Chunk             |     1 |     5 ||     6
Armor: Skin              |    17 |    28 ||    45
Dodge: Dodged            |    64 |    29 ||    93
